 Dungeon Crawl Stone Soup version 0.19.4-8-ga85b6b9 (webtiles) character file.

21422 Nosdormas the Severer (level 12, -29/116 HPs)
             Began as a Minotaur Fighter on Feb 10, 2017.
             Killed from afar by an ogre mage (41 damage)
             ... with a bolt of lightning
             ... on level 2 of the Orcish Mines.
             The game lasted 01:09:18 (10927 turns).

Nosdormas the Severer (Minotaur Fighter)           Turns: 10927, Time: 01:09:19

Health: -29/116    AC: 12    Str: 25    XL:     12   Next: 54%
Magic:  11/11      EV: 11    Int:  5    God:
Gold:   762        SH: 13    Dex: 14    Spells: 0 memorised, 11 levels left

rFire  . . .     SeeInvis .     e - +3 war axe (freeze)
rCold  + . .     Gourm    .     y - +4 ring mail
rNeg   . . .     Faith    .     c - +0 shield
rPois  .         Spirit   .     (helmet restricted)
rElec  .         Reflect  .     r - +0 cloak
rCorr  .         Harm     .     (no gloves)
MR     .....                    (no boots)
Stlth  +.........               (no amulet)
                                f - ring of protection from cold
                                l - +3 ring of dexterity

@: slowed, very slow
A: retaliatory headbutt, horns 2
a: no special abilities


You were on level 2 of the Orcish Mines.
You were not hungry.

You visited 2 branches of the dungeon, and saw 14 of its levels.

You collected 762 gold pieces.

Inventory:

Hand Weapons
 a - a +2 war axe
 e - a +3 war axe of freezing (weapon)
Armour
 b - a +0 scale mail
 c - a +0 shield (worn)
 r - a +0 cloak (worn)
 y - a +4 ring mail (worn)
Jewellery
 f - a ring of protection from cold (right hand)
 l - a +3 ring of dexterity (left hand)
Wands
 p - a wand of digging (12/24)
 s - a wand of acid (2/15)
 t - a wand of digging (9/24)
Scrolls
 h - 4 scrolls of remove curse
 x - a scroll of random uselessness
Potions
 d - 2 potions of cure mutation
 m - 2 potions of curing
 w - a potion of brilliance
Books
 j - a book of Misfortune

   Spells                             Type                      Level
   a - Confusing Touch                Hexes                        1
   b - Confuse                        Hexes                        3
   c - Gell's Gravitas                Hexes/Translocation          3
   d - Petrify                        Transmutation/Earth          4
   e - Metabolic Englaciation         Hexes/Ice                    5
   f - Yara's Violent Unravelling     Hexes/Transmutation          5
Comestibles
 k - 2 meat rations
 q - 2 bread rations
 u - 9 fruits


   Skills:
 * Level 13.7 Fighting
 + Level 15.1 Axes
 + Level 10.0 Armour
 + Level 2.0 Dodging
 + Level 11.0 Shields
 + Level 0.3 Evocations


You had 11 spell levels left.
You didn't know any spells.

Dungeon Overview and Level Annotations

Branches:
Dungeon (12/15)               Orc (2/2) D:12            Elf (0/3) Orc:2
 Temple: D:4-7         Lair: D:8-11

Altars:
Qazlal
Trog

Shops:
Orc:1 %

Annotations:
D:11 protoss039's ghost, journeyman GrGl


Innate Abilities, Weirdness & Mutations

You reflexively headbutt those who attack you in melee.
You have a pair of horns on your head.


Message History

* * * LOW HITPOINT WARNING * * *
The troll claws you.
* * * LOW HITPOINT WARNING * * *
The troll claws you.
* * * LOW HITPOINT WARNING * * *
You can move again.
Okay, then.
Okay, then.
You block the hill giant's attack. The ogre mage casts a spell at you.
The bolt of lightning misses you.
The ogre mage points at something and mumbles some strange words.
You block the ogre mage's attack. The ogre mage barely misses you.
The ogre mage casts a spell at you. You resist with significant effort.
You feel yourself slow down.
The ogre mage gestures at you while chanting.
The bolt of lightning hits you!
You die...

# # .. ##.# # .....##...## #
#.........#.## #
#............ #
#...........# . #
##..........### ..# #
#...........#.#....#.# #
#........O..@<........#
#........C..#.#.......## #
#.....#....#...........# #
#....T.T...............# #
#.....................#
#####.....................#
..........................##
...........................#
......................[)..#


You could see a hill giant, an ogre mage and 2 trolls.

Vanquished Creatures
  Frances (D:12)
  A death yak (D:8)
  A tengu warrior (D:11)
  3 skeletal warriors (D:12)
  A hill giant (Orc:2)
  Pikel (D:4)
  An orc sorcerer (Orc:1)
  2 cyclopes
  2 manticores
  Maurice (D:11)
  A gargoyle (D:9)
  5 polar bears
  4 trolls
  A hornet (D:11)
  4 two-headed ogres
  Grinder (D:5)
  2 hippogriffs (D:8)
  2 shadows
  6 yaks
  Eustachio (D:6)
  A hungry ghost (D:9)
  3 vampire mosquitoes (D:10)
  10 orc warriors
  2 water moccasins
  3 sky beasts
  5 black bears
  A hornet zombie (D:9)
  3 ice beasts
  2 eyes of draining (D:11)
  A necrophage (D:10)
  3 centaurs
  12 ogres
  A crocodile (D:11)
  A big kobold (D:12)
  4 bullfrogs
  Blork the orc (D:6)
  2 gnoll sergeants (D:6)
  A water moccasin zombie (D:7)
  A wyvern skeleton (D:10)
  2 scorpions
  9 killer bees
  20 wights
  3 howler monkeys (D:8)
  5 jellies
  A quasit (D:8)
  8 crimson imps
  3 bullfrog zombies
  4 centaur skeletons
  4 hounds
  7 orc priests
  19 orc wizards
  4 bullfrog skeletons
  4 iguanas
  10 worker ants
  A killer bee zombie (D:9)
  A hound zombie (D:3)
  A worker ant zombie (D:6)
  4 gnolls (D:3)
  A howler monkey skeleton (D:6)
  14 adders
  4 shadow imps
  An ooze (D:1)
  3 adder skeletons
  4 worms
  A dart slug (D:1)
  6 leopard geckos
  65 orcs
  A ball python (D:1)
  5 giant cockroaches
  4 goblins (D:1)
  3 hobgoblins
  16 jackals
  A quokka (D:8)
  A bat (D:1)
  2 giant cockroach zombies (D:6)
  9 kobolds
  A leopard gecko skeleton (D:5)
  A leopard gecko zombie (D:3)
  A quokka skeleton (D:8)
  A quokka zombie (D:3)
  7 rats
360 creatures vanquished.

Notes
Turn   | Place    | Note
-------+----------+-------------------------------------------
     0 | D:1      | Nosdormas the Minotaur Fighter began the quest for the Orb.
     0 | D:1      | Reached XP level 1. HP: 19/19 MP: 0/0
    45 | D:1      | Reached XP level 2. HP: 23/27 MP: 1/1
   361 | D:1      | Reached XP level 3. HP: 30/33 MP: 2/2
   486 | D:2      | Reached skill level 3 in Axes
   757 | D:3      | Reached XP level 4. HP: 33/41 MP: 3/3
   768 | D:3      | Reached skill level 5 in Fighting
   768 | D:3      | Reached skill level 4 in Axes
   768 | D:3      | Reached XP level 5. HP: 35/48 MP: 4/4
  1121 | D:3      | Reached skill level 5 in Axes
  1254 | D:3      | Reached XP level 6. HP: 46/56 MP: 5/5
  1999 | D:4      | Reached skill level 6 in Axes
  1999 | D:4      | Reached skill level 5 in Armour
  1999 | D:4      | Reached skill level 5 in Shields
  2124 | D:4      | Reached XP level 7. HP: 62/62 MP: 6/6
  2133 | D:4      | Found a stormy altar of Qazlal.
  2136 | D:4      | Noticed a water elemental
  2137 | D:4      | Noticed an air elemental
  2137 | D:4      | Noticed a fire elemental
  2454 | D:4      | Noticed Pikel
  2463 | D:4      | Killed Pikel
  2463 | D:4      | Reached skill level 7 in Axes
  2463 | D:4      | Reached XP level 8. HP: 57/71 MP: 7/7
  2520 | D:5      | Entered Level 5 of the Dungeon
  2559 | D:5      | Noticed Grinder
  2565 | D:5      | Killed Grinder
  2565 | D:5      | Reached skill level 8 in Axes
  3081 | D:6      | Noticed Blork the orc
  3088 | D:6      | Noticed Eustachio
  3104 | D:6      | Killed Blork the orc
  3393 | D:6      | Killed Eustachio
  3393 | D:6      | Reached skill level 9 in Axes
  3455 | D:6      | Reached XP level 9. HP: 46/79 MP: 8/8
  3795 | D:6      | Reached skill level 10 in Axes
  4294 | D:8      | Found a huge runed gate.
  4294 | D:8      | Found a huge runed gate.
  4294 | D:8      | Found a huge runed gate.
  4294 | D:8      | Found a huge runed gate.
  4294 | D:8      | Noticed a polar bear
  4294 | D:8      | Noticed a polar bear
  4294 | D:8      | Noticed a polar bear
  4294 | D:8      | Noticed a polar bear
  4294 | D:8      | Noticed a polar bear
  4295 | D:8      | Noticed a manticore
  4295 | D:8      | Noticed a death yak
  4295 | D:8      | Noticed a polar bear
  4313 | D:8      | Reached skill level 11 in Axes
  4607 | D:8      | Killed a polar bear
  4804 | D:8      | Killed a death yak
  4804 | D:8      | Reached XP level 10. HP: 88/91 MP: 9/9
  4831 | D:8      | Killed a manticore
  5271 | D:8      | Reached skill level 10 in Fighting
  5271 | D:8      | Reached skill level 12 in Axes
  6495 | D:9      | Found a bloodstained altar of Trog.
  6659 | D:10     | Entered Level 10 of the Dungeon
  6694 | D:10     | Reached XP level 11. HP: 70/101 MP: 10/10
  6712 | D:10     | Reached skill level 13 in Axes
  7955 | D:11     | Noticed a tengu warrior
  7964 | D:11     | Killed a tengu warrior
  8108 | D:11     | Reached skill level 10 in Shields
  8246 | D:11     | Noticed Maurice
  8249 | D:11     | Killed Maurice
  8257 | D:11     | Reached skill level 14 in Axes
  8278 | D:12     | Noticed a skeletal warrior
  8279 | D:12     | Noticed a skeletal warrior
  8280 | D:12     | Noticed a skeletal warrior
  8395 | D:11     | Noticed protoss039's ghost (journeyman GrGl)
  9277 | D:12     | Noticed Frances
  9287 | D:12     | Killed a skeletal warrior
  9287 | D:12     | Reached skill level 1 in Dodging
  9544 | D:12     | Killed a skeletal warrior
  9568 | D:12     | Killed a skeletal warrior
  9568 | D:12     | Reached XP level 12. HP: 82/113 MP: 11/11
  9709 | D:12     | Killed Frances
 10018 | D:12     | Found a staircase to the Orcish Mines.
 10026 | Orc:1    | Entered Level 1 of the Orcish Mines
 10266 | Orc:1    | Found Simpuj's Food Boutique.
 10448 | Orc:2    | Entered Level 2 of the Orcish Mines
 10803 | Orc:2    | Found a staircase to the Elven Halls.
 10857 | Orc:2    | Reached skill level 15 in Axes
 10873 | Orc:2    | Noticed an ogre mage
 10876 | Orc:2    | Noticed an ogre mage
 10884 | Orc:2    | Reached skill level 10 in Armour
 10889 | Orc:2    | Paralysed by an ogre mage for 4 turns
 10893 | Orc:2    | HP: 4/116 [troll (2)]
 10927 | Orc:2    | Killed from afar by an ogre mage

Skill      XL: |  1  2  3  4  5  6  7  8  9 10 11 12 |
---------------+-------------------------------------+-----
Shields        | 4 5 6 7 9 10 11 | 11.0
Fighting       | 4 5 6 7 9 10 12 13 | 13.7
Armour         | 4 5 6 7 8 9 10 | 10.0
Axes           | 3 4 5 6 7 9 11 12 14 15 | 15.1
Dodging        | 1 2 |  2.0
Evocations     | |  0.3

Action                   |  1- 3 |  4- 6 |  7- 9 | 10-12 || total
-------------------------+-------+-------+-------+-------++-------
Melee: War axe           |    66 |   119 |   190 |   587 ||   962
       Headbutt          |     8 |    20 |    38 |   127 ||   193
Evoke: Wand              |       |       |       |     6 ||     6
  Use: Scroll            |     4 |     1 |    11 |     8 ||    24
       Potion            |       |     1 |     2 |     9 ||    12
  Eat: Bread ration      |       |     1 |     2 |       ||     3
       Meat ration       |       |       |       |     1 ||     1
       Beef jerky        |       |       |       |     1 ||     1
       Fruit             |       |       |       |    12 ||    12
       Chunk             |       |       |       |     4 ||     4
Armor: Scale mail        |    21 |    40 |    56 |   103 ||   220
       Skin              |       |       |       |    54 ||    54
       Ring mail         |       |       |       |    30 ||    30
Dodge: Dodged            |    17 |    31 |    48 |   143 ||   239
Block: Shield            |    30 |    57 |   108 |   335 ||   530
